[Event "Titled Tuesday Blitz March 22 Early 2022"]
[White "Vishnu, Prasanna. V"]
[Black "Dilanyan, Grigor"]
[WhiteFideId "5030692"]
[BlackFideId "13303570"]
[WhiteElo "2510"]
[BlackElo "2279"]
[Result "1-0"]
[Round "04"]
[TimeControl "180+1"]
[Date "2022.03.22"]
[WhiteClock "0:00:35"]
[BlackClock "0:00:10"]

1. d4 Nf6 2. c4 g6 3. g3 Bg7 4. Bg2 O-O 5. Nf3 d6 6. O-O Nc6 7. Nc3 a6 8. d5 Na5 9. b3 c5 10. dxc6 Nxc6 11. Be3 Bd7 12. Rc1 Qa5 13. h3 Rfc8 14. Qd2 b5 15. Nd5 Nxd5 16. Qxa5 Nxa5 17. cxd5 Bb2 18. Rb1 Bf6 19. Nd4 Rc3 20. Rfc1 Rac8 21. Rxc3 Rxc3 22. Kf1 e5 23. dxe6 fxe6 24. g4 h5 25. Rd1 d5 26. Bf3 h4 27. g5 Be5 28. Bg4 Kf7 29. Nf3 Bg7 30. Bd4 Bxd4 31. Rxd4 Nc6 32. Rf4+ Ke7 33. Rf6 Rc1+ 34. Kg2 Rc2 35. Nxh4 Rxa2 36. Nxg6+ Kd6 37. Nf8 Ne5 38. g6 Nxg6 39. Rxg6 1-0


[Site "https://www.chess.com"]

[Event "Titled Tuesday Blitz March 22 Early 2022"]
[White "Vusatiuk, Vladimir"]
[Black "Nikulina, Alena"]
[WhiteFideId "14118610"]
[BlackFideId "4172051"]
[WhiteElo "2157"]
[BlackElo "1778"]
[Result "1-0"]
[Round "04"]
[TimeControl "180+1"]
[Date "2022.03.22"]
[WhiteClock "0:00:17"]
[BlackClock "0:00:07"]

1. Nf3 d5 2. h4 c5 3. h5 h6 4. d3 Nc6 5. Nc3 e5 6. e4 d4 7. Nd5 Be6 8. c4 dxc3 9. Nxc3 Nf6 10. Be2 a6 11. Nh4 b5 12. Be3 Nd4 13. Rc1 b4 14. Na4 Bxa2 15. Bxd4 Qxd4 16. b3 Rd8 17. Nf5 Qd7 18. Qc2 Nxe4 19. Qxa2 Qxf5 20. dxe4 Qxe4 21. O-O Be7 22. Bf3 Qf5 23. Bc6+ Kf8 24. Qe2 g6 25. Nxc5 gxh5 26. Nd7+ Rxd7 27. Bxd7 Qxd7 28. Qxe5 Rg8 29. Rc7 Qg4 30. Qxe7+ Kg7 31. Qxf7+ Kh8 32. Qh7# 1-0


[Site "https://www.chess.com"]

[Event "Titled Tuesday Blitz March 22 Early 2022"]
[White "Weetik, Vjacheslav"]
[Black "Przybylski, Wojciech"]
[WhiteFideId "4153472"]
[BlackFideId "1117599"]
[WhiteElo "2469"]
[BlackElo "2133"]
[Result "1-0"]
[Round "04"]
[TimeControl "180+1"]
[Date "2022.03.22"]
[WhiteClock "0:00:05"]
[BlackClock "0:00:08"]

1. d4 Nf6 2. Nf3 e6 3. c4 b6 4. g3 Ba6 5. b3 Bb4+ 6. Bd2 Be7 7. Nc3 Bb7 8. Bg2 O-O 9. O-O d6 10. Qc2 Nbd7 11. e4 e5 12. Rad1 h6 13. Be3 Qc8 14. Rfe1 Re8 15. Bh3 Qb8 16. Nd5 Bf8 17. Bc1 c6 18. Nc3 Qc7 19. d5 Rad8 20. dxc6 Bxc6 21. Nd2 Nc5 22. Nf1 Ne6 23. Be3 Ng5 24. Bg2 Qb7 25. f3 Bd7 26. h4 Ne6 27. a4 a6 28. Nd5 Nxd5 29. cxd5 Nc5 30. b4 Nxa4 31. Bf2 Rc8 32. Qd2 Rc7 33. Ne3 Rec8 34. f4 Nc3 35. Ra1 g6 36. h5 Bg7 37. hxg6 fxg6 38. f5 Nb5 39. fxg6 Nd4 40. g4 Nb3 41. Qe2 Nxa1 42. Rxa1 Rc1+ 43. Rxc1 Rxc1+ 44. Kh2 Be8 45. Nf5 Bxg6 46. Nxd6 Qc7 47. Nf5 Rc2 48. Qf3 Rc3 49. d6 Qc6 50. Ne7+ Kh7 51. Nxc6 Rxf3 52. Bxf3 Be8 53. Nb8 Bf6 54. d7 Bf7 55. Bxb6 Be6 56. d8=Q Bxd8 57. Bxd8 Kg6 58. Nxa6 Kf7 59. Nc5 Bc4 60. Kg3 Ke8 61. Bf6 Kf7 62. Bxe5 h5 63. gxh5 Kg8 64. Kh4 Kh7 65. Kg5 Bf7 66. h6 Bg6 67. Nd7 Kg8 68. Nf6+ Kh8 69. b5 Bf7 70. b6 Bd5 71. Nxd5+ Kh7 72. b7 Kg8 73. b8=Q+ Kf7 74. Qc7+ Ke6 75. Qe7# 1-0


[Site "https://www.chess.com"]

[Event "Titled Tuesday Blitz March 22 Early 2022"]
[White "Williams, Simon K"]
[Black "Vasquez Schroeder, Rodrigo"]
[WhiteFideId "404454"]
[BlackFideId "3400042"]
[WhiteElo "2468"]
[BlackElo "2561"]
[Result "0-1"]
[Round "04"]
[TimeControl "180+1"]
[Date "2022.03.22"]
[WhiteClock "0:00:16"]
[BlackClock "0:01:38"]

1. e4 c6 2. Bc4 d5 3. Bb3 Nf6 4. e5 Nfd7 5. d4 e6 6. c3 c5 7. Nf3 b6 8. O-O Ba6 9. Re1 Nc6 10. Nbd2 cxd4 11. cxd4 Na5 12. Bc2 Rc8 13. Nf1 Be7 14. Ng3 Qc7 15. Bb1 Nc6 16. a3 Na5 17. Nh5 Qxc1 18. Qxc1 Rxc1 19. Rxc1 Nb3 20. Rc7 Nxa1 21. Nxg7+ Kd8 22. Rxa7 Bc8 23. b4 Nb8 24. b5 Nb3 25. h4 h6 26. Nh5 Na5 27. Nf6 Nd7 28. Nxd7 Bxd7 29. a4 Bc8 30. h5 Bb7 0-1


[Site "https://www.chess.com"]

[Event "Titled Tuesday Blitz March 22 Early 2022"]
[White "Yang, Kaiqi"]
[Black "Kanyamarala, Trisha"]
[WhiteFideId "8604398"]
[BlackFideId "45004722"]
[WhiteElo "2373"]
[BlackElo "2047"]
[Result "1-0"]
[Round "04"]
[TimeControl "180+1"]
[Date "2022.03.22"]
[WhiteClock "0:00:10"]
[BlackClock "0:00:01"]

1. e4 c5 2. Nc3 Nc6 3. Bb5 Nd4 4. Nf3 g6 5. O-O Bg7 6. Re1 Nxb5 7. Nxb5 d6 8. d4 cxd4 9. Nbxd4 Nf6 10. Bg5 O-O 11. Qd2 a6 12. Bh6 Qc7 13. a4 b6 14. c3 Bb7 15. Bxg7 Kxg7 16. Qg5 Nxe4 17. Qh4 Nf6 18. Ng5 Qd7 19. Re3 h6 20. Nge6+ fxe6 21. Nxe6+ Kh7 22. Ng5+ Kg7 23. Ne6+ Kh7 24. Rae1 Rfe8 25. Ng5+ Kg7 26. Ne6+ Kh7 27. Rh3 h5 28. Qg5 Bd5 29. Rg3 Rg8 30. Nf4 Bf7 31. h3 Rae8 32. Kh2 Qf5 33. h4 Qxg5 34. hxg5 Ng4+ 35. Kg1 e5 36. Nd3 Bc4 37. Nc1 Rgf8 38. f3 d5 39. fxg4 hxg4 40. b3 b5 41. bxc4 bxc4 42. Rxg4 Rf5 43. Ne2 Kg7 44. Ng3 Rf7 45. Rd1 Rd7 46. Rh4 Red8 47. Kf2 d4 48. cxd4 exd4 49. Rdh1 Kf7 50. Ne4 Ke6 51. Rh6 Rf7+ 52. Ke2 Kd5 53. Nf6+ Kc5 54. Rxg6 d3+ 55. Kd2 Rb7 56. Rc1 Rb2+ 57. Ke3 d2 58. Ne4+ Kb4 59. Nxd2 Rbxd2 60. Rb6+ Ka5 61. Rc6 R8d3+ 62. Ke4 Re2+ 63. Kf5 Rf2+ 64. Kg6 Rxg2 65. R1xc4 Rdg3 66. R4c5+ Kxa4 67. Rxa6+ Kb4 68. Rf5 Kc4 69. Kf6 Kd4 70. Ra4+ Ke3 71. Re5+ Kd2 72. Ra2+ Kc3 73. Rxg2 Rxg2 74. g6 Kd4 75. Rg5 Rf2+ 76. Ke6 Re2+ 77. Kd6 Re8 78. g7 Rg8 79. Ke6 1-0


[Site "https://www.chess.com"]

[Event "Titled Tuesday Blitz March 22 Early 2022"]
[White "Zemerov, Vladimir"]
[Black "Ismayil, Malak"]
[WhiteFideId "4111583"]
[BlackFideId "13412604"]
[WhiteElo "2277"]
[BlackElo "1879"]
[Result "1/2-1/2"]
[Round "04"]
[TimeControl "180+1"]
[Date "2022.03.22"]
[WhiteClock "0:00:42"]
[BlackClock "0:00:10"]

1. d4 Nf6 2. c4 e6 3. Nf3 Bb4+ 4. Nbd2 O-O 5. a3 Bxd2+ 6. Bxd2 Ne4 7. g3 f5 8. Bg2 d6 9. O-O Nc6 10. d5 Ne7 11. dxe6 Bxe6 12. Qc2 Bd7 13. Bf4 Nc6 14. b4 Qe7 15. Rad1 Rad8 16. Nd4 Nxd4 17. Rxd4 Rfe8 18. Rfd1 Nf6 19. Bf3 h6 20. Bxb7 Qxe2 21. Qxe2 Rxe2 22. c5 dxc5 23. bxc5 Rb8 24. c6 Be6 25. Bxc7 Re8 26. Rd8 Kf7 27. Rxe8 Nxe8 28. Bf4 g5 29. Be3 Rc2 30. Bxa7 Nf6 31. Bd4 Ne4 32. a4 Nd2 33. c7 Rxc7 34. Rxd2 Rxb7 35. a5 Bd5 36. Bb6 Ke6 37. f4 gxf4 38. gxf4 Rg7+ 39. Kf2 Rg2+ 40. Ke3 Rg1 41. Kd4 Rc1 42. Re2+ Be4 43. Rxe4+ fxe4 44. Kxe4 Rc4+ 45. Ke3 Kf5 46. a6 Rxf4 47. a7 Ra4 48. Kd3 Kg4 49. Kc3 Kh3 50. Kb3 Ra6 51. Kc4 Kxh2 52. Kb5 Rxa7 53. Bxa7 h5 54. Bb8+ Kh3 55. Kc4 Kg4 56. Kd3 h4 57. Ke2 h3 58. Bh2 Kh4 59. Kf3 Kh5 60. Kf4 Kh4 61. Kf5 Kh5 62. Ke4 Kh4 63. Ke3 Kh5 64. Kf3 Kh4 65. Kf4 Kh5 66. Kg3 Kg5 67. Kxh3 1/2-1/2


[Site "https://www.chess.com"]

[Event "Titled Tuesday Blitz March 22 Early 2022"]
[White "Zhigalko, Sergei"]
[Black "Bortnyk, Olexandr"]
[WhiteFideId "13502956"]
[BlackFideId "14120828"]
[WhiteElo "2662"]
[BlackElo "2723"]
[Result "1/2-1/2"]
[Round "04"]
[TimeControl "180+1"]
[Date "2022.03.22"]
[WhiteClock "0:00:09"]
[BlackClock "0:00:14"]

1. e4 Nf6 2. e5 Nd5 3. Nf3 d6 4. d4 dxe5 5. Nxe5 g6 6. Bc4 Be6 7. Bb3 Bg7 8. O-O O-O 9. Re1 c6 10. c3 Qc7 11. Nd2 c5 12. Qf3 Rd8 13. Ne4 cxd4 14. cxd4 Nc6 15. Nxc6 Qxc6 16. Ng5 Nc7 17. Qxc6 bxc6 18. Nxe6 Nxe6 19. Bxe6 fxe6 20. Rxe6 Rxd4 21. Be3 Rd7 22. Rxc6 Bxb2 23. Rb1 a5 24. g3 Bf6 25. a4 Kf7 26. Kg2 Rd3 27. Rb5 Ra3 28. Rc4 Ra2 29. Bb6 Rb8 30. Bc7 Rxa4 31. Bxb8 Rxc4 32. Rxa5 Rc2 33. Ba7 h5 34. Be3 h4 35. Ra4 hxg3 36. hxg3 Re2 37. Kf3 Rb2 38. Ra7 Rb3 39. Ra6 Rb5 40. Rb6 Ra5 41. Rc6 Ra4 42. Rb6 g5 43. Rc6 g4+ 44. Kg2 Kg6 45. Rb6 Kf5 46. Rb5+ e5 47. Rb8 Ra2 48. Rb7 Bd8 49. Rb8 Be7 50. Rb7 Bg5 51. Bxg5 Kxg5 52. Rb6 e4 53. Rb5+ Kf6 54. Kf1 Ra3 55. Ke2 Rc3 56. Ra5 Rb3 57. Rc5 Rf3 58. Rb5 e3 59. fxe3 Rxg3 60. Kf2 Rf3+ 61. Kg2 Rxe3 62. Rc5 Ra3 63. Rb5 Kg6 64. Rc5 Rb3 65. Rd5 Rf3 66. Rc5 Rf5 67. Rxf5 Kxf5 68. Kg3 Kg5 69. Kg2 Kf4 70. Kf2 g3+ 71. Kg2 Kg4 72. Kg1 Kf3 73. Kf1 Kf4 74. Kg2 Kg4 75. Kg1 Kh3 76. Kh1 g2+ 77. Kg1 Kg4 78. Kxg2 1/2-1/2


[Site "https://www.chess.com"]

[Event "Titled Tuesday Blitz March 22 Early 2022"]
[White "Akobian, Varuzhan"]
[Black "Dreev, Aleksey"]
[WhiteFideId "13300580"]
[BlackFideId "4100107"]
[WhiteElo "2634"]
[BlackElo "2625"]
[Result "0-1"]
[Round "05"]
[TimeControl "180+1"]
[Date "2022.03.22"]
[WhiteClock "0:00:12"]
[BlackClock "0:01:41"]

1. d4 d5 2. c4 e6 3. Nc3 Nf6 4. cxd5 exd5 5. Bg5 c6 6. Qc2 h6 7. Bh4 Be7 8. e3 O-O 9. Bd3 Re8 10. Nf3 Ne4 11. Bxe7 Qxe7 12. O-O Bf5 13. Rab1 Nd7 14. b4 Nb6 15. b5 cxb5 16. Nxb5 Rec8 17. Qb2 Na4 18. Qb4 Qxb4 19. Rxb4 Nac3 20. Nxc3 Rxc3 21. Bxe4 dxe4 22. Nd2 Rc2 23. Nb3 b6 24. a3 Be6 0-1


[Site "https://www.chess.com"]

[Event "Titled Tuesday Blitz March 22 Early 2022"]
[White "Al-Tarboush, Ward"]
[Black "Pourkashiyan, Atousa"]
[WhiteFideId "7601450"]
[BlackFideId "12502014"]
[WhiteElo "2276"]
[BlackElo "2247"]
[Result "1-0"]
[Round "05"]
[TimeControl "180+1"]
[Date "2022.03.22"]
[WhiteClock "0:00:08"]
[BlackClock "0:00:08"]

1. e4 e5 2. Nf3 Nf6 3. Nxe5 d6 4. Nf3 Nxe4 5. Nc3 Nxc3 6. dxc3 Be7 7. Bf4 Nd7 8. Bd3 Nc5 9. Be2 h6 10. Nd4 Ne6 11. Be3 Bf6 12. Qd2 Nxd4 13. cxd4 d5 14. Qb4 a5 15. Qb3 O-O 16. O-O a4 17. Qb4 b6 18. a3 Bf5 19. Qd2 Re8 20. Rae1 Qd7 21. c3 Be4 22. Bf4 c5 23. Bh5 Qf5 24. g4 Qd7 25. f3 Bh7 26. g5 hxg5 27. Bxg5 Qf5 28. Bxf6 Qxh5 29. Be5 Bf5 30. Qf2 Bh3 31. Qg3 g6 32. Rf2 Re6 33. Rfe2 Rae8 34. Kf2 Bf5 35. h4 Bd3 36. Re3 Qf5 37. Qg5 Qh3 38. Rg1 Rxe5 39. dxe5 d4 40. Rxd3 Qh2+ 41. Rg2 Qxe5 42. Qxe5 Rxe5 43. cxd4 cxd4 44. Rxd4 Rb5 45. Rb4 Rxb4 46. axb4 Kf8 47. b5 Ke7 48. Kg3 Kd6 49. Rc2 Kd5 50. Rc6 a3 51. bxa3 Kd4 52. a4 f5 53. Rxb6 f4+ 54. Kxf4 1-0


[Site "https://www.chess.com"]

[Event "Titled Tuesday Blitz March 22 Early 2022"]
[White "Altman, Joshua"]
[Black "Koridze, Lile"]
[WhiteFideId "426210"]
[BlackFideId "13612514"]
[WhiteElo "1945"]
[BlackElo "1999"]
[Result "1-0"]
[Round "05"]
[TimeControl "180+1"]
[Date "2022.03.22"]
[WhiteClock "0:01:44"]
[BlackClock "0:01:44"]

1. d4 Nf6 2. c4 e6 3. Nf3 d5 4. Nc3 Bb4 5. cxd5 exd5 6. Bg5 O-O 7. Qc2 h6 8. Bh4 Be7 9. e3 c6 10. Bd3 Nbd7 11. O-O Nb6 12. Rab1 Be6 13. b4 a6 14. a4 Nc8 15. b5 Nd6 16. bxc6 bxc6 17. Ne5 Qc7 18. Na2 Nde4 19. Nb4 c5 20. Nxa6 Qa5 21. Nc6 1-0


[Site "https://www.chess.com"]

[Event "Titled Tuesday Blitz March 22 Early 2022"]
[White "Araujo Filho, Luiz Antonio Coel"]
[Black "Manukian, Artak"]
[WhiteFideId "2130661"]
[BlackFideId "13301373"]
[WhiteElo "2225"]
[BlackElo "2440"]
[Result "1-0"]
[Round "05"]
[TimeControl "180+1"]
[Date "2022.03.22"]
[WhiteClock "0:00:34"]
[BlackClock "0:00:07"]

1. d4 Nf6 2. Nf3 d5 3. e3 Bg4 4. Nbd2 e6 5. b3 c5 6. Bb2 Nc6 7. Be2 cxd4 8. exd4 Bd6 9. O-O O-O 10. Ne5 Bxe2 11. Qxe2 Bxe5 12. dxe5 Nd7 13. c4 Nb6 14. cxd5 Nxd5 15. Ne4 Nce7 16. Rfd1 Qb6 17. Qh5 h6 18. Nf6+ Kh8 19. Bc1 Nf5 20. Nxd5 exd5 21. Qxf5 Rae8 22. Be3 Qa6 23. Bd4 Re6 24. Rd2 Rc8 25. Rad1 Kg8 26. Be3 Rd8 27. Rxd5 Rxd5 28. Rxd5 Re8 29. Rd7 Rf8 30. h3 Qxa2 31. Bc5 Qb1+ 32. Qxb1 1-0


[Site "https://www.chess.com"]

[Event "Titled Tuesday Blitz March 22 Early 2022"]
[White "Aravindh, Chithambaram VR."]
[Black "Donchenko, Alexander"]
[WhiteFideId "5072786"]
[BlackFideId "24603295"]
[WhiteElo "2561"]
[BlackElo "2539"]
[Result "0-1"]
[Round "05"]
[TimeControl "180+1"]
[Date "2022.03.22"]
[WhiteClock "0:00:02"]
[BlackClock "0:00:07"]

1. b3 Nf6 2. Bb2 g6 3. Bxf6 exf6 4. c4 d5 5. cxd5 Qxd5 6. Nf3 Bg7 7. Nc3 Qa5 8. e3 O-O 9. Be2 c5 10. O-O Rd8 11. Rc1 Nc6 12. Na4 b6 13. d4 Bb7 14. d5 Nb4 15. e4 f5 16. Nd2 Nxa2 17. Rc2 Nc3 18. Nc4 Qb4 19. Nxc3 Bxc3 20. exf5 Bxd5 21. Qc1 Bg7 22. Qf4 Qxb3 23. Ne3 Re8 24. Rd2 Bc6 25. f6 Bf8 26. Bc4 Qc3 27. Ng4 Re4 28. Bxf7+ Kh8 29. Qg5 Rxg4 30. Qxg4 Qxd2 31. Rd1 Qb2 32. Qe6 Rd8 33. Re1 Bd5 34. Qe7 Bxe7 35. fxe7 Qf6 36. exd8=Q+ Qxd8 37. Rd1 Qe7 38. Bxd5 b5 39. g3 c4 40. Bc6 Qc5 41. Rd8+ Kg7 42. Bd5 c3 43. Rd7+ Kf8 44. Bb3 c2 45. Bxc2 Qxc2 46. Rc7 Qxc7 0-1


[Site "https://www.chess.com"]

[Event "Titled Tuesday Blitz March 22 Early 2022"]
[White "Aydin, Gulenay"]
[Black "Kett, Tim"]
[WhiteFideId "34557431"]
[BlackFideId "1801210"]
[WhiteElo "1429"]
[BlackElo "2098"]
[Result "0-1"]
[Round "05"]
[TimeControl "180+1"]
[Date "2022.03.22"]
[WhiteClock "0:00:03"]
[BlackClock "0:00:27"]

1. e4 e5 2. Nf3 Nc6 3. Nc3 Nf6 4. Bb5 Nd4 5. Ba4 Bc5 6. d3 O-O 7. O-O d6 8. Nxd4 Bxd4 9. Ne2 Bb6 10. h3 d5 11. Ng3 dxe4 12. dxe4 Qxd1 13. Rxd1 Be6 14. Bg5 Rfd8 15. Bb3 Rd6 16. Rxd6 cxd6 17. Rd1 Bc5 18. Kf1 Kf8 19. Ke2 Ke7 20. Be3 Rc8 21. c3 g6 22. Bg5 Bxb3 23. axb3 Ke6 24. Bxf6 Kxf6 25. b4 Bb6 26. Rxd6+ Ke7 27. Rd5 f6 28. Nf1 Ke6 29. Ne3 Bxe3 30. Kxe3 f5 31. f3 b6 32. g4 h5 33. Rd2 hxg4 34. hxg4 f4+ 35. Kd3 Rh8 36. Kc4 Rh3 37. Rd3 a6 38. b5 a5 39. b3 g5 40. b4 a4 41. Rd8 Rxf3 42. Rg8 Re3 43. Rxg5 Rxe4+ 44. Kd3 Re3+ 45. Kd2 a3 46. Rg6+ Kd5 47. Rxb6 Rg3 48. Rg6 a2 49. Ra6 Rg2+ 50. Kc1 Rg1+ 51. Kb2 a1=Q+ 52. Rxa1 Rxa1 53. Kxa1 f3 54. b6 Kc6 55. Kb2 f2 56. b7 Kxb7 57. g5 f1=Q 0-1


[Site "https://www.chess.com"]

[Event "Titled Tuesday Blitz March 22 Early 2022"]
[White "Babazada, Khazar"]
[Black "Svane, Rasmus"]
[WhiteFideId "13413554"]
[BlackFideId "4657101"]
[WhiteElo "2418"]
[BlackElo "2645"]
[Result "0-1"]
[Round "05"]
[TimeControl "180+1"]
[Date "2022.03.22"]
[WhiteClock "0:00:16"]
[BlackClock "0:00:11"]

1. Nf3 d5 2. g3 Nf6 3. Bg2 e6 4. O-O Be7 5. b3 O-O 6. Bb2 c5 7. d3 Nc6 8. Nbd2 b6 9. e4 Bb7 10. e5 Nd7 11. Re1 Qc7 12. h4 Rae8 13. Nf1 f6 14. Bh3 Ncxe5 15. Bxe6+ Kh8 16. Nxe5 Nxe5 17. f4 d4 18. Bf5 Nf3+ 19. Kf2 g6 20. Rxe7 Rxe7 21. Be4 Bxe4 22. dxe4 Nxh4 23. Nd2 g5 24. Qh5 Ng6 25. Rh1 Kg8 26. f5 Ne5 27. Qe2 Rd8 28. Rh6 Rf7 29. Kg2 Qc6 30. Kg1 b5 31. c3 d3 32. Qf2 c4 33. Rh1 Qb6 34. Qxb6 axb6 35. Kf2 Ra7 36. a3 cxb3 0-1


[Site "https://www.chess.com"]

[Event "Titled Tuesday Blitz March 22 Early 2022"]
[White "Batsiashvili, Nino"]
[Black "Ardila, Oscar Humberto"]
[WhiteFideId "13602993"]
[BlackFideId "4404742"]
[WhiteElo "2192"]
[BlackElo "1966"]
[Result "1-0"]
[Round "05"]
[TimeControl "180+1"]
[Date "2022.03.22"]
[WhiteClock "0:00:51"]
[BlackClock "0:00:03"]

1. d4 Nf6 2. Nf3 e6 3. g3 g6 4. Bg2 Bg7 5. O-O O-O 6. c4 d6 7. Nc3 Nbd7 8. e4 e5 9. b3 exd4 10. Nxd4 Re8 11. Bb2 Nc5 12. Re1 a5 13. h3 Nfd7 14. Kh2 Ne5 15. Re3 Bh6 16. f4 Bd7 17. Qd2 Nc6 18. Nd5 Bg7 19. Rae1 Nxd4 20. Bxd4 f6 21. e5 fxe5 22. fxe5 c6 23. Bxc5 dxc5 24. Nf6+ Bxf6 25. exf6 Rxe3 26. Rxe3 Bf5 27. Qxd8+ Rxd8 28. Re7 Rd2 29. Kg1 Rd1+ 30. Kf2 Rd2+ 31. Kf3 Rxa2 32. Rxb7 h5 33. Ra7 Rb2 34. Rxa5 Rxb3+ 35. Kf4 Rb2 36. Bxc6 Rf2+ 37. Kg5 Rc2 38. Bd5+ Kh8 39. Kh6 Bd7 40. Ra8+ 1-0


[Site "https://www.chess.com"]

[Event "Titled Tuesday Blitz March 22 Early 2022"]
[White "Begunov, Konstantin"]
[Black "Cupid, Kevin"]
[WhiteFideId "4118510"]
[BlackFideId "7700512"]
[WhiteElo "2262"]
[BlackElo "2096"]
[Result "1-0"]
[Round "05"]
[TimeControl "180+1"]
[Date "2022.03.22"]
[WhiteClock "0:00:57"]
[BlackClock "0:00:28"]

1. d4 Nf6 2. c4 e6 3. Nf3 Bb4+ 4. Nbd2 d5 5. a3 Be7 6. Qc2 O-O 7. e4 dxe4 8. Nxe4 Nbd7 9. Bd3 c5 10. Nxf6+ Nxf6 11. dxc5 Bxc5 12. b4 Bd4 13. Nxd4 Qxd4 14. Bb2 Qh4 15. O-O Bd7 16. g3 Qh3 17. Bxf6 gxf6 18. Be4 Rac8 19. Bxb7 Rc7 20. Bg2 Qg4 21. Rfd1 Rfc8 22. c5 Bc6 23. Bxc6 Rxc6 24. Rd7 R8c7 25. Rad1 Kg7 26. Rxc7 Rxc7 27. Qd3 a5 28. Qd4 Qf3 29. Rd3 Qe2 30. Kg2 axb4 31. axb4 e5 32. Qg4+ Kf8 33. Qxe2 1-0


[Site "https://www.chess.com"]

[Event "Titled Tuesday Blitz March 22 Early 2022"]
[White "Bethke, Richard"]
[Black "Murzin, Volodar"]
[WhiteFideId "12959243"]
[BlackFideId "44155573"]
[WhiteElo "2532"]
[BlackElo "2585"]
[Result "0-1"]
[Round "05"]
[TimeControl "180+1"]
[Date "2022.03.22"]
[WhiteClock "0:00:03"]
[BlackClock "0:00:28"]

1. e4 c6 2. Nf3 d5 3. Nc3 Bg4 4. h3 Bxf3 5. Qxf3 Nf6 6. e5 Nfd7 7. e6 fxe6 8. Bd3 Nf6 9. Qe2 Qd6 10. O-O e5 11. f3 Nbd7 12. Re1 e6 13. b3 Nh5 14. Qf2 Qb4 15. a3 Qf4 16. Ne2 Qf6 17. b4 Bd6 18. Bb2 O-O 19. Rad1 Qg5 20. h4 Qe7 21. g4 e4 22. gxh5 Rxf3 23. Qg2 Raf8 24. h6 g6 25. Bg7 R8f7 26. Rf1 Qxh4 27. Nd4 Rg3 28. Rxf7 Rxg2+ 29. Kxg2 Qg4+ 30. Kf2 Bg3+ 31. Kf1 Qxd1+ 32. Kg2 Kxf7 33. Kxg3 exd3 34. cxd3 Qxd2 35. Nf3 Qxd3 36. Kg2 Qf5 37. Nd4 Qg4+ 38. Kf2 e5 39. Nf3 Ke6 40. Ke3 Qg3 41. Ke2 d4 42. Nd2 Kd5 43. Kd1 e4 44. Kc2 Qd3+ 45. Kc1 e3 46. Nb1 e2 47. Kb2 e1=Q 0-1


[Site "https://www.chess.com"]

[Event "Titled Tuesday Blitz March 22 Early 2022"]
[White "Bodnaruk, Anastasia"]
[Black "Lagunov, Evgenij"]
[WhiteFideId "4181751"]
[BlackFideId "4125363"]
[WhiteElo "2393"]
[BlackElo "2200"]
[Result "1-0"]
[Round "05"]
[TimeControl "180+1"]
[Date "2022.03.22"]
[WhiteClock "0:00:03"]
[BlackClock "0:00:01"]

1. e4 c5 2. Nc3 e6 3. g3 g6 4. Bg2 Bg7 5. Nge2 Ne7 6. d4 cxd4 7. Nxd4 a6 8. O-O O-O 9. Be3 d6 10. Qd2 Re8 11. Rad1 Bd7 12. f4 Qc7 13. Nb3 d5 14. exd5 Nxd5 15. Nxd5 exd5 16. Bxd5 Bc6 17. c4 Nd7 18. Rfe1 Nf6 19. Qg2 Rad8 20. Bxc6 Rxd1 21. Rxd1 Rxe3 22. Bxb7 Ng4 23. Qc6 Qe7 24. Rf1 Re2 25. Qf3 h5 26. Rd1 Nxh2 27. Qd5 Qe3+ 28. Kh1 Qxg3 29. Qd8+ Kh7 30. Qd3 Nf3 31. Qxe2 h4 32. Qg2 Qxf4 33. Qxf3 Qxc4 34. Qg2 f5 35. Rf1 Be5 36. Rg1 Bg3 37. Qf3 Qc7 38. Rxg3 hxg3 39. Kg2 f4 40. Bc6 g5 41. Be4+ Kg7 42. Qh5 Qd6 43. Qxg5+ Kf7 44. Qf5+ Ke7 45. Qd5 Qf6 46. Qc5+ 1-0


[Site "https://www.chess.com"]

[Event "Titled Tuesday Blitz March 22 Early 2022"]
[White "Boros, Denes"]
[Black "Sargsyan, Anna M."]
[WhiteFideId "722340"]
[BlackFideId "13308130"]
[WhiteElo "2464"]
[BlackElo "2271"]
[Result "1-0"]
[Round "05"]
[TimeControl "180+1"]
[Date "2022.03.22"]
[WhiteClock "0:00:52"]
[BlackClock "0:00:07"]

1. e4 e5 2. Nf3 Nc6 3. d4 exd4 4. Bc4 Nf6 5. Ng5 Ne5 6. Qxd4 Nxc4 7. Qxc4 d5 8. exd5 Qxd5 9. Qe2+ Be7 10. O-O h6 11. Re1 Qc5 12. Be3 Qd6 13. Bf4 Qc5 14. Be3 Qd6 15. Nf3 Be6 16. Nd4 O-O 17. Nc3 c6 18. Nxe6 Qxe6 19. Qf3 Qd7 20. Rad1 Qg4 21. Bxh6 Qxf3 22. gxf3 Bb4 23. Bg5 Bxc3 24. bxc3 Nd5 25. c4 Nb6 26. Re7 f6 27. Be3 Nxc4 28. Rdd7 Rfd8 29. Rxg7+ Kf8 30. Bc5+ Nd6 31. Bxd6+ 1-0


[Site "https://www.chess.com"]

[Event "Titled Tuesday Blitz March 22 Early 2022"]
[White "Bortnyk, Olexandr"]
[Black "Salinas Herrera, Pablo"]
[WhiteFideId "14120828"]
[BlackFideId "3407128"]
[WhiteElo "2723"]
[BlackElo "2541"]
[Result "0-1"]
[Round "05"]
[TimeControl "180+1"]
[Date "2022.03.22"]
[WhiteClock "0:00:02"]
[BlackClock "0:00:04"]

1. e4 c5 2. c3 e6 3. d4 d5 4. exd5 exd5 5. Be3 c4 6. b3 cxb3 7. axb3 Nc6 8. Bd3 Bd6 9. h3 Nge7 10. Qf3 Be6 11. Ne2 Qd7 12. Nd2 O-O 13. Nf4 Bf5 14. O-O Bxf4 15. Bxf4 Bxd3 16. Qxd3 a6 17. Rfe1 Rfe8 18. b4 Ng6 19. Bg3 h5 20. Nf3 Nce7 21. Ne5 Nxe5 22. Rxe5 g6 23. Qf3 Rac8 24. Rae1 Nc6 25. Qf6 Nxe5 26. Bxe5 Rxe5 27. Rxe5 Rc6 28. Qf3 Qc7 29. Re3 Kg7 30. g3 Qd7 31. Kg2 Rf6 32. Qe2 Re6 33. Re5 Rxe5 34. dxe5 d4 35. Qd3 Qc6+ 36. Kh2 Qxc3 37. Qe4 Qxb4 38. e6 fxe6 39. Qxe6 Qb5 40. Qe7+ Kg8 41. Qd8+ Kh7 42. Qxd4 Qc6 43. Qe5 b5 44. Qe7+ Kg8 45. Qd8+ Kf7 46. Qd2 Qe6 47. Qf4+ Kg7 48. Qd4+ Kh7 49. h4 Qf7 50. Qb6 a5 51. Kg1 a4 52. Qxb5 a3 53. Qa6 a2 0-1


[Site "https://www.chess.com"]

[Event "Titled Tuesday Blitz March 22 Early 2022"]
[White "Brunner, Nicolas"]
[Black "Grandelius, Nils"]
[WhiteFideId "620246"]
[BlackFideId "1710400"]
[WhiteElo "2372"]
[BlackElo "2617"]
[Result "0-1"]
[Round "05"]
[TimeControl "180+1"]
[Date "2022.03.22"]
[WhiteClock "0:02:09"]
[BlackClock "0:01:40"]

1. d4 d5 2. c4 e6 3. Nf3 a6 4. Bg5 Be7 5. Bxe7 Nxe7 6. e3 O-O 7. Nbd2 Nd7 8. Rc1 b6 9. Bd3 c5 10. O-O Bb7 11. b3 dxc4 12. bxc4 Nf6 13. Qe2 Qc7 14. Rfd1 Rfd8 15. Nf1 cxd4 16. exd4 Qf4 0-1


[Site "https://www.chess.com"]

[Event "Titled Tuesday Blitz March 22 Early 2022"]
[White "Budrewicz, Krzysztof"]
[Black "Williams, Simon K"]
[WhiteFideId "1127950"]
[BlackFideId "404454"]
[WhiteElo "2248"]
[BlackElo "2468"]
[Result "0-1"]
[Round "05"]
[TimeControl "180+1"]
[Date "2022.03.22"]
[WhiteClock "0:00:11"]
[BlackClock "0:00:10"]

1. d4 e6 2. c4 f5 3. g3 Nf6 4. Bg2 Be7 5. Nf3 O-O 6. O-O d6 7. Nc3 Qe8 8. b3 Ne4 9. Bb2 Nxc3 10. Bxc3 Nd7 11. Nd2 c6 12. e4 f4 13. e5 d5 14. Bh3 Qg6 15. Qg4 Qd3 16. Rac1 Ba3 17. Qh5 Nb8 18. cxd5 exd5 19. e6 Na6 20. Rfd1 fxg3 21. hxg3 Bxc1 22. Rxc1 Qg6 23. Qxg6 hxg6 24. f4 Re8 25. Re1 Nc7 26. Nf3 Bxe6 27. Bg2 Nb5 28. Bb2 Bf5 29. Ne5 Nd6 30. Ba3 Rad8 31. g4 Be4 32. Bf1 Nb5 33. Bb2 b6 34. a4 Nc7 35. Nxc6 Rd6 36. Ne5 Rf6 37. Bc1 Ne6 38. f5 gxf5 39. g5 Rff8 40. Rd1 f4 41. Ba3 Rf5 42. g6 f3 43. Bh3 Rg5+ 44. Kf2 Nf4 45. Bf1 Rc8 46. Rd2 Nxg6 47. Nxf3 Rf5 48. Be2 Rc3 0-1


[Site "https://www.chess.com"]